 Dungeon Crawl Stone Soup version 0.29.0-5-ge4962eb29e (webtiles) character file.

Game seed: 66876063178306227

4 enile the Sneak (level 1, 0/10 HPs)
             Began as a Felid Delver on Aug 30, 2022.
             Slain by a mummy (10 damage)
             ... on level 4 of the Dungeon.
             The game lasted 00:01:01 (168 turns).

enile the Sneak (Felid Delver)                       Turns: 168, Time: 00:01:02

Health: 0/10       AC:  1    Str:  8    XL:     1   Next: 50%
Magic:  2/2        EV: 18    Int: 11    God:
Gold:   45         SH:  0    Dex: 17    Spells: 0/0 levels left
                                        Lives:  0   Deaths: 0

rFire   . . .      SeeInvis +     - Unarmed
rCold   . . .      Faith    .   (shield unavailable)
rNeg    . . .      Spirit   .   (body armour unavailable)
rPois   .          Reflect  .   (helmet unavailable)
rElec   .          Harm     .   (cloak unavailable)
rCorr   .          Rampage  .   (gloves unavailable)
Will    .....                   (boots unavailable)
Stlth   +++.......              (no amulet)
HPRegen 0.03/turn               (no ring)
MPRegen 0.08/turn               (no ring)

@: quick
A: very small, claws 1, fangs 3, see invisible, speed 1, shaggy fur 1, stealthy
paws, no weapons or thrown items, no armour, multi-lived
a: no special abilities


You were on level 4 of the Dungeon.
You visited 1 branch of the dungeon, and saw 2 of its levels.

You collected 45 gold pieces.

Inventory:

Wands
 e - a wand of digging (3)
Scrolls
 a - a scroll of fog
 b - a scroll of magic mapping
 c - a scroll of fear
 f - 3 scrolls of identify {unknown}
Potions
 d - a potion of haste


   Skills:
 - Level 3.0 Fighting
 - Level 3.0 Dodging
 - Level 6.6 Stealth
 - Level 2.0 Unarmed Combat
 + Level 0.7 Evocations


You couldn't memorise any spells.
You didn't know any spells.
Your spell library was empty.

Dungeon Overview and Level Annotations

Branches:
Dungeon (5/15)
 Temple: D:4-7

Altars:

Portals:
Ossuary: D:4

Annotations:
D:5 Blork the orc


Innate Abilities, Weirdness & Mutations

You have sharp claws.
You have razor-sharp teeth.
You have supernaturally acute eyesight. (SInv)
You cover ground quickly. (Speed+)
You are covered in fur. (AC +1)
Your paws help you pounce on unaware monsters.
You are incapable of wielding weapons or throwing items.
You cannot wear armour.
You gain extra lives every three experience levels.


Message History

An orc priest comes into view. It is wielding a +0 whip.
The orc priest shouts!
You hear an angry hiss.
The orc priest begins to cast a cantrip, but forgets the words!
Blork the orc comes into view.
He is wielding a +0 mace.
There is a stone staircase leading up here.
You climb upwards.
You hear the hiss of flowing sand.
There is an entrance to an ossuary on this level.
Hurry and find it before the portal is buried!
Found a long sword and a scroll labelled UNNAUW KACK.
There is a stone staircase leading down here.
The helpless kobold fails to defend itself.
You mangle the kobold!!
You kill the kobold!
The ball python hisses angrily.
The ball python completely misses you. The ball python closely misses you.
Things that are here:
a +0 dagger; 4 stones; a kobold corpse You scratch the ball python.
You kill the ball python!
f - 3 scrolls labelled UNNAUW KACK (gained 1)
Found 6 gold pieces.
You open the door.
A goblin zombie comes into view.
There is an open door here.
The helpless goblin zombie fails to defend itself.
You mangle the goblin zombie!!
You destroy the goblin zombie!
You now have 45 gold pieces (gained 6).
You open the door.
A mummy comes into view.
Found a sand-covered staircase.
The mummy closely misses you.
There is an open door here.
You scratch the mummy.
The mummy is lightly damaged.
You scratch the mummy. You bite the mummy, but do no damage.
The mummy is moderately damaged.
The mummy hits you!
Ouch! That really hurt!
You die...

#. #... .# #...# #
###...##...# ###.
#M##........
....###@###..#...#####+#
#.......#............
##.....###...........
##...##.##..........
###+###.###'###...>..)..
...................)....
##....####.....##..†....
#......................
#...+########+.#.......


You could see a mummy.

Vanquished Creatures
  An orc (D:5)
  A ball python (D:4)
  A goblin zombie (D:4)
  A kobold (D:4)
4 creatures vanquished.

Notes
Turn   | Place    | Note
-------+----------+-------------------------------------------
     0 | D:5      | enile the Felid Delver began the quest for the Orb.
     0 | D:5      | Reached XP level 1. HP: 10/10 MP: 2/2
    59 | D:5      | Noticed an iguana
    86 | D:5      | Noticed an iguana
   101 | D:5      | Noticed a necrophage
   104 | D:5      | Noticed a scorpion
   112 | D:5      | Noticed a necrophage
   112 | D:5      | Noticed a hound
   133 | D:5      | Noticed an orc priest
   135 | D:5      | Noticed Blork the orc
   165 | D:4      | Found a sand-covered staircase.
   168 | D:4      | Slain by a mummy

Illustrated notes

Levels and vault maps discovered:
D:4:      layout_basic, amcnicky_altar_gilded, mainiacjoe_overflow_catwalk,
          nicolae_ossuary_entry_giza, minmay_misc_feat_rows, minivault_11,
          lightli_minifort
D:5:      layout_cave_pools, uniq_blork_the_orc

Skill      XL: |  1 |
---------------+----+-----
Dodging        | 3 |  3.0
Fighting       | |  3.0
Stealth        | |  6.6
Unarmed Combat | |  2.0
Evocations     | |  0.7

Action                   || total
-------------------------++-------
Melee: Unarmed           ||     7
       Bite              ||     3
 Stab: Sleeping          ||     2
Dodge: Dodged            ||     4
